 Dungeon Sprint DCSS version 0.29.1-12-g30fa7ad0bf (webtiles) character file.

Game seed: 4865928817487782451

1180 Groucho the Unseen (level 8, -8/36 HPs)
             Began as a Spriggan Enchanter on Dec 29, 2022.
             Was an Initiate of Dithmenos.
             Killed from afar by a hell hog (27 damage)
             ... with a fireball
             ... in the Dungeon (Sprint II: "The Violet Keep of Menkaure").
             The game lasted 00:04:35 (268 turns).

Groucho the Unseen (Spriggan Enchanter)              Turns: 268, Time: 00:04:36

Health: -8/36      AC:  2    Str:  6    XL:     8   Next: 19%
Magic:  23/23      EV: 17    Int: 16    God:    Dithmenos [......]
Gold:   31         SH:  0    Dex: 16    Spells: 16/27 levels left

rFire   . . .      SeeInvis +   a - +1 dagger
rCold   + . .      Faith    .   (no shield)
rNeg    . . .      Spirit   .   b - +0 robe
rPois   .          Reflect  .   (helmet restricted)
rElec   .          Harm     .   f - scarf {repulsion}
rCorr   .          Rampage  .   (gloves unavailable)
Will    +....      NoTele   +   (boots unavailable)
Stlth   ++++++....              (no amulet)
HPRegen 0.12/turn               j - ring "Erety" {Fly rC+}
MPRegen 0.18/turn               (no ring)

@: flying, repel missiles, very quick
A: very small, no large weapons, unfitting armour, see invisible, speed 3
a: Renounce Religion


You were in the Dungeon.
You worshipped Dithmenos.
Dithmenos was noncommittal.
You visited 1 branch You collected 972 gold pieces.
You spent 941 gold pieces at shops.

Inventory:

Hand Weapons
 a - a +1 dagger (weapon)
Armour
 b - a +0 robe (worn)
 f - a scarf of repulsion (worn)
Jewellery
 j - the ring "Erety" (left hand) {Fly rC+}
   (You bought it in a shop in the Dungeon)

   [ring of flight]

   rC:        It protects you from cold.
   Fly:       It grants you flight.
Scrolls
 i - a scroll of blinking
Potions
 c - 3 potions of invisibility
 d - a potion of curing
 e - 2 potions of heal wounds
 g - 2 potions of magic
 h - a potion of berserk rage
 k - 2 potions of might


   Skills:
 + Level 9.7 Short Blades
 - Level 2.6 Dodging
 - Level 16.0 Stealth
 - Level 10.0 Spellcasting
 + Level 11.6 Hexes


You had 16 spell levels left.
You knew the following spells:

 Your Spells              Type           Power      Damage    Failure   Level
a - Ensorcelled Hibernat  Hex/Ice        52%        N/A       1%          2
b - Confusing Touch       Hex            45%        N/A       1%          3
c - Dazzling Flash        Conj/Hex       52%        N/A       2%          3
d - Tukima's Dance        Hex            45%        N/A       1%          3

Your spell library contained the following spells:

 Spells                   Type           Power      Damage    Failure   Level


Dungeon Overview and Level Annotations

Branches:
Dungeon (1/1)

Altars:
Cheibriados
Dithmenos
Elyvilon
Fedhas
Gozag
Hepliaklqana
Kikubaaqudgha
Makhleb
Nemelex Xobeh
Okawaru
Qazlal
Ru
Sif Muna
Trog
Uskayaw
Vehumet
Wu Jian
Xom
Yredelemnul
Zin
The Shining One
Jiyva
Lugonu

Shops:
D :[:!*!=(=?((!=[

Annotations:
D exclusion: oklob plant


Innate Abilities, Weirdness & Mutations

You are very small and have problems with some larger weapons.
You are too small for most types of armour.
You have supernaturally acute eyesight. (SInv)
You cover ground extremely quickly. (Speed+++)


Message History

Really fly into a travel-excluded area?
Found a shadowy altar of Dithmenos and a corrupted altar of Lugonu.
Found a white marble altar of Elyvilon and a burning altar of Makhleb.
Found a blossoming altar of Fedhas.
You reach down and open the door.
Found 14 gold pieces, 4 stones and a scroll labelled FUJUEC DYXO.
Found five altars.
There is an open door here.
Found nine items.
Found three altars.
Found four items.
Found a potion of might and a leather armour.
Found a ring mail and a scroll labelled POIPNAHODU.
The water moccasin hisses angrily.
There is a shadowy altar of Dithmenos here.
You hover solemnly before the altar of Dithmenos.
Dithmenos welcomes you!
Unknown command.
Press < or > to pray at altars.
Found a scroll labelled GINAEFROAVE.
There is a snail-covered altar of Cheibriados here.
Found a potion of curing and a scroll labelled FUJUEC DYXO.
There is a roughly hewn altar of Beogh here.
There is an open door here.
As you open the door, it creaks loudly!
A hell hog comes into view.
You hear an angry squeal.
The hell hog squeals angrily.
A hell hog comes into view.
The hell hog breathes fire at you.
The fireball explodes!
The fireball engulfs the hell hog.
The hell hog completely resists.
The fireball engulfs you!
You hear an angry hiss.
Found 81 gold pieces.
Unknown command.
Casting: Confusing Touch (safe; 1% risk of failure)
Confirm with . or Enter, or press ? or * to list all spells.
Okay, then.
The hell hog breathes fire at you.
The fireball explodes!
The fireball engulfs you!!
Ouch! That really hurt!
You die... ++# .. .. .. # +##.. #. #.##.#### +.### ##†.# ...# ...# #..####..#####^.# !$?(?

#'###.##..#h$h..# ▓$))!)?
##.##...#..# #..# #▓?$?(?[?
'.<.'.##'..####.@####▓$$([?![
##.##.†.#§...###.^.##▓▓▓▓▓▓▓+
##'###†##......~~~~~~~~~~~~~
#.######~~.....~#'########+##
.##..#~~~~~~§..~#.._.....#S~~
#...##~~~§~~~§§~#._._....#~§§
##+##~~~§§≈§~~~~#_._._...#§~§
~ ~~~~§~≈§≈§~~~#._._._..#~~§
+++#~≈≈≈≈≈≈§~#_._._._.#~~~


You could see a hell hog (catching breath).

Vanquished Creatures
  4 neqoxecs (D)
  Menkaure (D)
  A water moccasin (D)
  4 necrophages (D)
  4 scorpions (D)
  2 worms (D)
16 creatures vanquished.

Notes
Turn   | Place    | Note
-------+----------+-------------------------------------------
     0 | D        | Groucho the Spriggan Enchanter began the quest for the Orb.
     0 | D        | Reached XP level 1. HP: 9/9 MP: 5/5
     3 | D        | Noticed a scorpion
     3 | D        | Noticed a scorpion
     5 | D        | Noticed a scorpion
     5 | D        | Noticed a scorpion
     6 | D        | Killed a scorpion
     7 | D        | Reached skill level 8 in Stealth
     7 | D        | Reached skill level 5 in Hexes
     7 | D        | Reached XP level 2. HP: 13/13 MP: 5/8
     7 | D        | Reached XP level 3. HP: 16/16 MP: 6/10
     7 | D        | Killed a scorpion
     8 | D        | Reached skill level 10 in Stealth
     8 | D        | Reached skill level 5 in Spellcasting
     8 | D        | Reached XP level 4. HP: 21/21 MP: 6/12
     9 | D        | Killed a scorpion
    10 | D        | Reached skill level 5 in Short Blades
    10 | D        | Reached skill level 11 in Stealth
    10 | D        | Reached XP level 5. HP: 24/24 MP: 6/14
    13 | D        | Reached skill level 12 in Stealth
    33 | D        | Reached skill level 13 in Stealth
    33 | D        | Reached XP level 6. HP: 28/28 MP: 7/17
    36 | D        | Reached skill level 14 in Stealth
    44 | D        | Noticed a neqoxec
    47 | D        | Killed a neqoxec
    48 | D        | Reached skill level 15 in Stealth
    48 | D        | Reached XP level 7. HP: 32/32 MP: 8/20
    48 | D        | Noticed a neqoxec
    49 | D        | Killed a neqoxec
    50 | D        | Reached skill level 16 in Stealth
    50 | D        | Noticed a neqoxec
    50 | D        | Noticed a neqoxec
    52 | D        | Killed a neqoxec
    53 | D        | Reached skill level 10 in Hexes
    54 | D        | Killed a neqoxec
    55 | D        | Reached skill level 10 in Spellcasting
    70 | D        | Learned a level 2 spell: Ensorcelled Hibernation
    74 | D        | Learned a level 3 spell: Confusing Touch
    78 | D        | Learned a level 3 spell: Dazzling Flash
    82 | D        | Learned a level 3 spell: Tukima's Dance
    82 | D        | Found Qyezeo's Jewellery Boutique.
    82 | D        | Found Kibouzo's Weapon Shop.
    82 | D        | Found Hooroate's Jewellery Boutique.
    82 | D        | Found Niobrir's Magic Scroll Boutique.
    82 | D        | Found Qogifeekh's Antique Weapon Shop.
    83 | D        | Found Quagowap's Antique Armour Shop.
    83 | D        | Found Luri's Antique Weapon Shop.
    84 | D        | Found Zup Vull's Distillery.
    84 | D        | Found Hiarph's Jewellery Shop.
    84 | D        | Found Paquoqi's Distillery.
    84 | D        | Noticed a fire dragon
    87 | D        | Noticed a manticore
   100 | D        | Reached XP level 8. HP: 21/36 MP: 14/23
   102 | D        | Found Wuomot's General Store.
   102 | D        | Found Xinim's Distillery.
   102 | D        | Noticed an oklob plant
   103 | D        | Found Nesuv's Antique Armour Shop.
   103 | D        | Found Ciunwi Paxykh's Book Boutique.
   103 | D        | Found Eciciun's Book Shoppe.
   104 | D        | Noticed a manticore
   105 | D        | Noticed a manticore
   159 | D        | Bought a glowing scarf for 152 gold pieces
   168 | D        | Bought the ring "Erety" {Fly rC+} for 441 gold pieces
   203 | D        | Bought a potion of invisibility for 88 gold pieces
   203 | D        | Bought a potion of invisibility for 88 gold pieces
   211 | D        | Bought 2 potions of might for 112 gold pieces
   213 | D        | Bought a potion of heal wounds for 60 gold pieces
   228 | D        | Noticed Menkaure
   241 | D        | Killed Menkaure
   245 | D        | Found a stormy altar of Qazlal.
   245 | D        | Found an ornate altar of the Wu Jian Council.
   246 | D        | Found a hazy altar of Hepliaklqana.
   246 | D        | Found a sacrificial altar of Ru.
   247 | D        | Found a viscous altar of Jiyva.
   247 | D        | Found a shimmering blue altar of Sif Muna.
   248 | D        | Found a snail-covered altar of Cheibriados.
   248 | D        | Found an ancient bone altar of Kikubaaqudgha.
   248 | D        | Found a shimmering altar of Xom.
   248 | D        | Found a bloodstained altar of Trog.
   249 | D        | Found a shadowy altar of Dithmenos.
   249 | D        | Found a corrupted altar of Lugonu.
   250 | D        | Found a white marble altar of Elyvilon.
   250 | D        | Found a burning altar of Makhleb.
   251 | D        | Found a blossoming altar of Fedhas.
   253 | D        | Found an opulent altar of Gozag.
   253 | D        | Found a glowing golden altar of the Shining One.
   253 | D        | Found a basalt altar of Yredelemnul.
   253 | D        | Found a hide-covered altar of Uskayaw.
   253 | D        | Found a sparkling altar of Nemelex Xobeh.
   254 | D        | Found a glowing silver altar of Zin.
   254 | D        | Found a radiant altar of Vehumet.
   254 | D        | Found an iron altar of Okawaru.
   258 | D        | Became a worshipper of Dithmenos the Shadowed
   267 | D        | Noticed a hell hog
   267 | D        | Noticed a hell hog
   268 | D        | Killed from afar by a hell hog

Illustrated notes

Levels and vault maps discovered:
D:        the_violet_keep_of_menkaure [sprint2_stairs_cluster_1,
          sprint2_shoproom, sprint2_temple, sprint2_basic_supplies,
          sprint2_obstacle_4, sprint2_obstacle_3, sprint2_obstacle_1,
          sprint2_obstacle_6, sprint2_obstacle_2, sprint2_timed_cluster_1,
          sprint2_smallroom_cluster_1, sprint2_smallroom_final_cluster_1,
          sprint2_transparent_cluster_1, sprint2_second_timed_cluster_1,
          sprint2_sniper_area_1, sprint2_heavy_combat_area_1,
          sprint2_mutation_trap_area_1, sprint2_forest_area_1,
          sprint2_light_combat_area_1, sprint2_behind_water_1,
          sprint2_near_end_vault_1]

Skill      XL: |  1  2  3  4  5  6  7 |
---------------+----------------------+-----
Short Blades   | 3 4 5 6 7 9 |  9.7
Stealth        | 8 10 11 13 15 16 | 16.0
Spellcasting   | 4 5 6 7 8 10 | 10.0
Hexes          | 5 6 7 9 11 | 11.6
Dodging        | |  2.6

Action                   |  1- 3 |  4- 6 |  7- 9 || total
-------------------------+-------+-------+-------++-------
Melee: Dagger            |     2 |     9 |    10 ||    21
 Cast: Ensorcelled Hiber |       |       |     1 ||     1
       Confusing Touch   |       |       |     1 ||     1
  Use: Potion            |     2 |       |       ||     2
 Stab: Sleeping          |     2 |     9 |     4 ||    15
       Confused          |       |       |     1 ||     1
Dodge: Dodged            |       |       |     2 ||     2
